Map: Dynasty LE

Players

Hate - Winner!

  • Race: Protoss Protoss
  • League: Platinum
  • Spawn Location: 7:00

xBenx

  • Race: Zerg Zerg
  • League: Gold
  • Spawn Location: 1:00

VOD

Have the link to the VOD?

Description

xBenx vs Hate

Time

  • Played on: March 29, 2024, 12:22 p.m.
  • Length: 10:01
Show
View Real Time Build Order
Export as new Build Order

Hate Protoss - Winner!

Build Orders: 1 Gate Expand 

Get SALT Encoding   

  12  0:00  Probe  
  13  0:12  Probe  
  14  0:19  Pylon  
  14  0:24  Probe  
  15  0:37  Probe (Chrono Boost)  
  15  0:42  Gateway  
  16  0:46  Probe (Chrono Boost)  
  16  0:49  Assimilator  
  17  0:51  Probe  
  18  1:03  Probe (Chrono Boost)  
  19  1:15  Probe (Chrono Boost)  
  20  1:20  Probe (Chrono Boost)  
  21  1:29  Nexus  
  21  1:35  Zealot  
  23  1:46  Cybernetics Core  
  23  2:00  Gateway  
  23  2:04  Pylon  
  23  2:07  Assimilator  
  22  2:17  Probe  
  23  2:22  Adept  
  23  2:23  Warp Gate  
  25  2:34  Pylon  
  25  2:37  Shield Battery  
  25  2:42  Assimilator  
  25  2:43  Probe (Chrono Boost)  
  25  2:44  Probe (Chrono Boost)  
  27  2:54  Probe x2 (Chrono Boost)  
  29  3:06  Sentry  
  29  3:07  Probe (Chrono Boost)  
  29  3:11  Probe (Chrono Boost)  
  33  3:19  Probe (Chrono Boost)  
  33  3:23  Probe x2 (Chrono Boost)  
  33  3:25  Stargate  
  35  3:27  Sentry  
  35  3:32  Probe  
  35  3:33  Probe  
  39  3:39  Shield Battery  
  39  3:44  Probe  
  40  3:51  Forge  
  40  3:58  Probe (Chrono Boost)  
  40  4:00  Pylon  
  42  4:03  Probe (Chrono Boost)  
  42  4:09  Probe (Chrono Boost)  
  42  4:12  Probe (Chrono Boost)  
  42  4:16  Probe  
  47  4:21  Void Ray (Chrono Boost), Assimilator  
  47  4:22  Probe  
  49  4:28  Photon Cannon  
  49  4:34  Photon Cannon  
  49  4:38  Pylon  
  49  4:39  Probe  
  49  4:41  Probe  
  51  4:52  Oracle (Chrono Boost)  
  54  4:53  Protoss Ground Weapons Level 1  
  54  4:57  Pylon  
  54  4:58  Probe (Chrono Boost)  
  56  5:04  Probe (Chrono Boost)  
  56  5:05  Pylon  
  57  5:08  Probe (Chrono Boost)  
  57  5:12  Probe (Chrono Boost)  
  58  5:16  Probe  
  58  5:19  Twilight Council  
  59  5:22  Probe  
  59  5:27  Pylon  
  60  5:28  Probe  
  60  5:32  Gateway  
  60  5:35  Gateway  
  61  5:39  Gateway  
  61  5:48  Probe x2  
  63  5:56  Dark Shrine  
  63  5:57  Gateway  
  63  6:00  Probe x2  
  63  6:02  Gateway  
  65  6:18  Void Ray  
  69  6:24  Nexus  
  69  6:27  Assimilator  
  69  6:29  Resonating Glaives  
  69  6:30  Pylon  
  69  6:36  Protoss Shields Level 1  
  69  6:42  Probe x2 (Chrono Boost)  
  71  6:51  Probe (Chrono Boost)  
  71  6:52  Probe (Chrono Boost)  
  73  6:56  Probe x2 (Chrono Boost)  
  75  7:05  Shadow Stride (Chrono Boost)  
  75  7:06  Templar Archives  
  75  7:08  Gateway x2  
  75  7:24  Photon Cannon  
  75  7:27  Shield Battery  
  75  7:30  Photon Cannon  
  75  7:32  Shield Battery  
  75  7:35  Pylon  
  75  7:39  Pylon  
  75  7:43  Pylon  
  75  7:45  Dark Templar x5  
  75  7:47  Dark Templar  
  87  8:01  Dark Templar  
  89  8:08  Dark Templar x2  
  89  8:09  Psionic Storm  
  85  8:42  Probe (Chrono Boost)  
  85  8:45  Dark Templar  
  85  8:46  Dark Templar  
  85  8:48  Probe x2 (Chrono Boost)  
  92  8:52  Probe (Chrono Boost)  
  89  8:55  Probe (Chrono Boost)  
  89  8:56  Probe (Chrono Boost)  
  89  8:57  Probe (Chrono Boost)  
  89  9:01  Dark Templar  
  89  9:02  Zealot x5  
  100  9:03  Zealot  
  102  9:29  Stalker x3  
  102  9:30  Stalker x5  
  116  9:34  Zealot  
  114  9:56  Fleet Beacon  
  114  10:00  Robotics Facility  
Show
View Real Time Build Order
Export as new Build Order

xBenx Zerg 

Build Orders: Hatch First 

Get SALT Encoding   

  12  0:02  Drone  
  13  0:13  Overlord  
  13  0:21  Drone  
  14  0:43  Hatchery  
  14  0:49  Drone  
  14  1:01  Drone  
  15  1:12  Spawning Pool  
  15  1:13  Extractor  
  13  1:22  Drone x2  
  15  1:36  Drone  
  16  1:45  Overlord  
  16  1:51  Drone  
  17  1:56  Drone  
  18  2:02  Zergling x2  
  19  2:11  Zergling x2  
  19  2:14  Drone  
  21  2:18  Drone  
  22  2:24  Drone, Roach Warren  
  22  2:34  Queen  
  22  2:37  Queen  
  26  2:47  Zergling x2  
  29  3:05  Zergling x4, Roach  
  29  3:06  Zergling x2, Roach x2  
  35  3:17  Extractor  
  35  3:18  Metabolic Boost  
  34  3:25  Extractor  
  33  3:35  Drone x2  
  35  3:45  Drone  
  35  3:47  Overlord x2  
  36  3:49  Hatchery  
  36  3:54  Spore Crawler  
  34  4:14  Drone  
  34  4:15  Drone x5  
  34  4:16  Drone  
  41  4:21  Spore Crawler  
  40  4:32  Lair  
  40  4:34  Drone  
  41  4:46  Drone x4  
  41  4:47  Drone  
  46  5:01  Queen  
  46  5:04  Drone x4  
  52  5:14  Spore Crawler  
  52  5:18  Overlord x2  
  50  5:28  Overlord x3  
  50  5:42  Glial Reconstitution  
  42  5:44  Drone x2  
  42  5:45  Drone x5  
  42  5:49  Spore Crawler  
  46  5:53  Spore Crawler  
  46  5:56  Spore Crawler  
  44  5:58  Drone x2  
  44  6:02  Spore Crawler  
  45  6:24  Overlord  
  46  6:25  Zergling x4  
  46  6:26  Zergling x10, Roach x5  
  46  6:30  Overlord  
  62  6:33  Drone  
  62  6:34  Spore Crawler  
  62  6:41  Hydralisk Den  
  61  6:50  Evolution Chamber  
  61  6:52  Evolution Chamber  
  59  7:01  Drone x4, Extractor  
  61  7:02  Overlord  
  61  7:03  Drone  
  61  7:04  Drone x3  
  66  7:09  Overlord x2  
  66  7:10  Hydralisk x2  
  70  7:20  Zerg Ground Armor Level 1  
  70  7:26  Spore Crawler  
  70  7:28  Drone, Spine Crawler  
  70  7:29  Drone x2  
  71  7:30  Spore Crawler  
  71  7:32  Drone x2  
  71  7:34  Hydralisk, Grooved Spines  
  74  7:48  Tunneling Claws  
  74  8:06  Hydralisk x3  
  74  8:07  Hydralisk x7  
  92  8:17  Spine Crawler  
  91  8:20  Spine Crawler  
  49  9:24  Zergling x8, Hydralisk x3, Roach x2  
  52  9:25  Zergling x2, Roach x2  
Tags
 
Add a new tag
Caveats
  • Supply blocks, unpowered buildings, or Contaminate may cause inaccurate times.
  • Supply counts are checked every 10 seconds.